 Dungeon Crawl Stone Soup version 0.31.0-32-g396128a36d (webtiles) character file.

Game seed: 10916721011127146380

118 TacoSundae the Slasher (level 4, -5/35 HPs)
             Began as a Demonspawn Fighter on Apr 5, 2024.
             Succumbed to a water moccasin's poison
             ... on level 3 of the Dungeon.
             The game lasted 00:05:58 (2305 turns).

TacoSundae the Slasher (Demonspawn Fighter)         Turns: 2305, Time: 00:05:59

Health: -5/35      AC:  5    Str: 18    XL:     4   Next: 72%
Magic:  4/4        EV: 10    Int:  9    God:
Gold:   225        SH:  4    Dex: 12    Spells: 3/3 levels left

rFire   . . .        a - +0 long sword
rCold   . . .        c - +0 buckler
rNeg    + . .        p - +0 ring mail
rPois   .            (helmet restricted)
rElec   .            (no cloak)
rCorr   .            (no gloves)
SInv    .            (no boots)
Will    .....        (no amulet)
Stlth   +            n - ring of positive energy
HPRegen 0.25/turn    (no ring)
MPRegen 0.18/turn

%: no passive effects
@: mighty, lethally poisoned (-5 -> -46)
A: horns 1, magic regeneration
a: no special abilities


You were on level 3 of the Dungeon.
You visited 1 branch of the dungeon, and saw 4 of its levels.

You collected 225 gold pieces.

Inventory:

Hand Weapons
 a - a +0 long sword (weapon)
 q - a +3 sling
Armour
 c - a +0 buckler (worn)
 p - a +0 ring mail (worn)
Jewellery
 n - a ring of positive energy (left hand)
Scrolls
 h - a scroll of teleportation
 l - a scroll of poison
 m - a scroll of fear
 o - 3 scrolls of blinking
Potions
 d - a potion of might
 f - a potion of cancellation
 j - a potion of magic {unknown}
 k - a potion of enlightenment {unknown}
 r - a potion of attraction {unknown}
 u - a potion of invisibility {unknown}


   Skills:
 - Level 3.0 Fighting
 * Level 4.5 Long Blades
 - Level 2.6 Armour
 - Level 2.6 Shields


You had 3 spell levels left.
You didn't know any spells.
Your spell library was empty.

Dungeon Overview and Level Annotations

Branches:
Dungeon (4/15)
 Temple: D:4-7

Altars:


Innate Abilities, Weirdness & Mutations

You have a pair of small horns on your head.
You regenerate magic rapidly.


Message History

The water moccasin bites you but does no damage.
The water moccasin closely misses you.
There is a stone staircase leading up, spattered with blood here.
The water moccasin bites you.
You are poisoned.
The water moccasin poisons you!
The hobgoblin hits you but does no damage.
You climb upwards.
You feel very sick.
There is a stone staircase leading down here.
You feel very mighty all of a sudden.
You feel sick. The water moccasin bites you.
You are lethally poisoned!
The water moccasin poisons you! You block the hobgoblin's attack.
Okay, then.
Unknown command.
Unknown command.
You slash the hobgoblin!
You kill the hobgoblin!
* * * LOW HITPOINT WARNING * * *
You feel extremely sick.
The water moccasin bites you but does no damage.
The water moccasin bites you.
* * * LOW HITPOINT WARNING * * *
You feel much better.
You feel very sick. The water moccasin bites you.
You are lethally poisoned!
The water moccasin poisons you!
You hit the water moccasin. You headbutt the water moccasin.
The water moccasin is heavily wounded.
You feel extremely sick. The water moccasin barely misses you.
The water moccasin bites you.
* * * LOW HITPOINT WARNING * * *
You are more poisoned.
The water moccasin poisons you!
You slash the water moccasin!
Your headbutt misses the water moccasin.
The water moccasin is almost dead.
You die...

#..# ###.#
####
###...#
###...###
#####...###
###.....###
#...#####
###)###
###...#
##.S@###
#..### ####


You could see a water moccasin.

Vanquished Creatures
  A hound (D:3)
  2 adders
  2 dart slugs (D:3)
  2 ribbon worms
  3 orcs (D:3)
  6 ball pythons
  4 endoplasms
  2 giant cockroaches
  6 goblins
  7 hobgoblins
  A quokka (D:2)
  8 bats
  4 frilled lizards
  5 kobolds
  3 rats
56 creatures vanquished.

Notes
Turn   | Place    | Note
-------+----------+-------------------------------------------
     0 | D:1      | TacoSundae the Demonspawn Fighter began the quest for the
                  | Orb.
     0 | D:1      | Reached XP level 1. HP: 18/18 MP: 1/1
    73 | D:1      | Reached skill level 2 in Long Blades
   286 | D:1      | Gained mutation: You regenerate magic rapidly. [demonic
                  | ancestry]
   286 | D:1      | Reached XP level 2. HP: 24/24 MP: 2/2
   456 | D:1      | Found a faded altar of an unknown god.
   816 | D:2      | Reached skill level 3 in Long Blades
   835 | D:2      | Reached XP level 3. HP: 25/29 MP: 3/3
  1676 | D:3      | Gained mutation: You have a pair of small horns on your
                  | head. [demonic ancestry]
  1676 | D:3      | Reached XP level 4. HP: 33/35 MP: 4/4
  1680 | D:3      | Reached skill level 4 in Long Blades
  2267 | D:4      | Noticed a water moccasin
  2305 | D:3      | Succumbed to a water moccasin's poison

Illustrated notes

Levels and vault maps discovered:
D:1:      eino_arrival_druids_welcome, layout_basic,
          shapermc_ecumenical_altar_venn
D:2:      layout_loops_ring, minmay_gold_behind_fungi
D:3:      layout_rooms
D:4:      layout_basic, temple_statues, uniq_eustachio, uniq_grinder

Skill      XL: |  1  2  3  4 |
---------------+-------------+-----
Long Blades    | 2 3 4 |  4.5
Fighting       | |  3.0
Armour         | |  2.6
Shields        | |  2.6

Action                     |  1- 3 |  4- 6 || total
---------------------------+-------+-------++-------
  Melee: Long sword        |   164 |    47 ||   211
         Headbutt          |       |     7 ||     7
    Use: Scroll            |       |    11 ||    11
         Potion            |       |     2 ||     2
 Armour: Scale mail        |    75 |       ||    75
         Ring mail         |    59 |    26 ||    85
  Dodge: Dodged            |    74 |    22 ||    96
  Block: Buckler           |    26 |    12 ||    38
